 Dungeon Crawl Stone Soup version 0.29.1-15-g9cfb28693d (webtiles) character file.

Game seed: 7884925110975061554

44 Labrat the Digger (level 4, -1/33 HPs)
             Began as a Meteoran Earth Elementalist on Aug 26, 2023.
             Slain by a scorpion (4 damage)
             ... on level 4 of the Dungeon.
             The game lasted 00:05:49 (587 turns).

Labrat the Digger (Meteoran Earth Elementalist)      Turns: 587, Time: 00:05:50

Health: -1/33      AC:  2    Str:  9    XL:     4   Next: 8%
Magic:  7/10       EV: 12    Int: 18    God:
Gold:   48         SH:  0    Dex: 15    Spells: 7/10 levels left

rFire   . . .      SeeInvis .   j - staff of earth
rCold   . . .      Faith    .   (no shield)
rNeg    . . .      Spirit   .   a - +0 robe
rPois   .          Reflect  .   (no helmet)
rElec   .          Harm     .   (no cloak)
rCorr   .          Rampage  .   (no gloves)
Will    .....                   (no boots)
Stlth   +.........              (no amulet)
HPRegen 0.11/turn               (no ring)
MPRegen 0.12/turn               (no ring)

@: lethally poisoned (-1 -> -7), glowing
A: sense surroundings 1, otherworldly, glowing, explore regen
a: no special abilities


You were on level 4 of the Dungeon.
You visited 1 branch of the dungeon, and saw 4 of its levels.

You collected 48 gold pieces.

Inventory:

Armour
 a - a +0 robe (worn)
Magical Staves
 j - a staff of earth (weapon)
Scrolls
 d - a scroll of noise {unknown}
 e - a scroll of identify {unknown}
 f - a scroll of enchant weapon {unknown}
 h - a scroll of immolation {unknown}
 i - 2 scrolls of poison {unknown}
Potions
 b - a potion of magic
 c - a potion of might {unknown}
 g - a potion of brilliance {unknown}
 k - a potion of lignification {unknown}


   Skills:
 - Level 2.4 Dodging
 - Level 1.4 Stealth
 + Level 3.5 Spellcasting
 + Level 2.4 Transmutations
 + Level 4.3 Earth Magic


You had 7 spell levels left.
You knew the following spells:

 Your Spells              Type           Power      Damage    Failure   Level
a - Sandblast             Erth           56%        2d13      2%          1
b - Passwall              Tmut/Erth      19%        N/A       6%          2

Your spell library contained the following spells:

 Spells                   Type           Power      Damage    Failure   Level
 Stone Arrow              Conj/Erth      32%        3d9       19%         3
 Petrify                  Tmut/Erth      23%        N/A       36%         4


Dungeon Overview and Level Annotations

Branches:
Dungeon (4/15) Zot: 1790
 Temple: D:4-7

Altars:


Innate Abilities, Weirdness & Mutations

You passively map a small area around you.
You are easily found by Zot.
You glow in the dark.
You regain HP and MP as you explore.


Message History

Aiming: Sandblast (safe; 2% risk of failure)
Press: ? - help, Shift-Dir - straight line, f - scorpion
Aim: a scorpion (wandering, hasn't noticed you, 83% to hit)
You feel a surge of power!
The blast of sand hits the scorpion!
The scorpion is heavily wounded.
Casting: Sandblast (safe; 2% risk of failure)
Confirm with . or Enter, or press ? or * to list all spells.
Aiming: Sandblast (safe; 2% risk of failure)
Press: ? - help, Shift-Dir - straight line, f/p - scorpion
Aim: a scorpion (heavily wounded, 83% to hit)
You feel a surge of power!
The blast of sand hits the scorpion.
The scorpion is severely wounded.
The scorpion stings you.
You are poisoned.
The scorpion poisons you!
Casting: Sandblast (safe; 2% risk of failure)
Confirm with . or Enter, or press ? or * to list all spells.
Aiming: Sandblast (safe; 2% risk of failure)
Press: ? - help, Shift-Dir - straight line, f/p - scorpion
Aim: a scorpion (severely wounded, 83% to hit)
You feel a surge of power!
The blast of sand hits the scorpion but does no damage.
The scorpion is severely wounded.
You feel very sick. The scorpion stings you.
The orc hits you but does no damage. The scorpion stings you!
Casting: Sandblast (safe; 2% risk of failure)
Confirm with . or Enter, or press ? or * to list all spells.
Aiming: Sandblast (safe; 2% risk of failure)
Press: ? - help, Shift-Dir - straight line, f/p - scorpion
Aim: a scorpion (severely wounded, 83% to hit)
You feel a surge of power!
The blast of sand hits the scorpion but does no damage.
The scorpion is severely wounded.
* * * LOW HITPOINT WARNING * * *
You feel very sick.
The orc hits you from afar with a +0 trident.
* * * LOW HITPOINT WARNING * * *
The scorpion barely misses you. The scorpion stings you.
You die...

, ,, * ###
, * #<# , ,
#.# #.# *
#.# , * #@#
.....os..#
*,
###..#.#..#
.... #. #.#
,, #.#, ##
,.., , # *
.#. * #.# ,
, #


You could see a scorpion and an orc.

Vanquished Creatures
  An adder (D:2)
  A dart slug (D:2)
  2 endoplasms
  5 giant cockroaches
  3 goblins
  4 hobgoblins
  3 jackals (D:1)
  2 kobolds
  A quokka (D:2)
  2 ball pythons
  3 bats
  A frilled lizard (D:1)
28 creatures vanquished.

Notes
Turn   | Place    | Note
-------+----------+-------------------------------------------
     0 | D:1      | Labrat the Meteoran Earth Elementalist began the quest for
                  | the Orb.
     0 | D:1      | Reached XP level 1. HP: 14/14 MP: 5/5
   123 | D:2      | Reached XP level 2. HP: 20/20 MP: 2/6
   156 | D:2      | Reached skill level 4 in Earth Magic
   176 | D:2      | Reached XP level 3. HP: 26/26 MP: 5/8
   447 | D:1      | Learned a level 2 spell: Passwall
   492 | D:3      | Reached XP level 4. HP: 32/33 MP: 6/10
   583 | D:4      | Noticed a scorpion
   587 | D:4      | Slain by a scorpion

Illustrated notes

Levels and vault maps discovered:
D:1:      dpeg_arrival_connections, layout_loops_corners,
          chequers_ecumenical_altar_simple_redux, minivault_4
D:2:      layout_basic, minmay_ruptured
D:3:      layout_basic, grunt_ministairs_1
D:4:      layout_basic, minmay_between, uniq_natasha, uniq_ijyb

Skill      XL: |  1  2 |
---------------+-------+-----
Spellcasting   | 3 |  3.5
Transmutations | 2 |  2.4
Earth Magic    | 4 |  4.3
Dodging        | |  2.4
Stealth        | |  1.4

Action                   |  1- 3 |  4- 6 || total
-------------------------+-------+-------++-------
Melee: Unarmed           |     1 |       ||     1
 Cast: Sandblast         |    40 |     7 ||    47
       Passwall          |     1 |     1 ||     2
Armor: Robe              |     4 |     1 ||     5
Dodge: Dodged            |     8 |     1 ||     9
